 Seeded DCSS version 0.29.1-15-g9cfb28693d (webtiles) character file.

Game seed: 6320845443627075161 (custom seed)

268 Psyclone the Magician (level 6, -4/32 HPs)
             Began as a Deep Elf Fire Elementalist on Sept 23, 2023.
             Blown up by Ijyb (18 damage)
             ... with a mindburst bolt
             ... on level 4 of the Dungeon.
             The game lasted 00:09:25 (3989 turns).

Psyclone the Magician (Deep Elf Fire Elementalist)  Turns: 3989, Time: 00:09:26

Health: -4/32      AC:  3    Str:  7    XL:     6   Next: 0%
Magic:  19/24      EV: 12    Int: 22    God:
Gold:   2          SH:  0    Dex: 15    Spells: 1/14 levels left

rFire   . . .      SeeInvis .   b - +3 short sword
rCold   . . .      Faith    .   (no shield)
rNeg    + . .      Spirit   .   h - +0 robe
rPois   .          Reflect  .   m - +1 hat {Stlth+}
rElec   .          Harm     .   (no cloak)
rCorr   .          Rampage  .   (no gloves)
Will    .....                   (no boots)
Stlth   +++.......              (no amulet)
HPRegen 0.10/turn               e - ring of Surprise {Wiz rN+ Str+2}
MPRegen 0.19/turn               p - ring of magical power

@: no status effects
A: no striking features
a: no special abilities


You were on level 4 of the Dungeon.
You visited 1 branch of the dungeon, and saw 4 of its levels.

You collected 202 gold pieces.
You spent 200 gold pieces at shops.

Inventory:

Hand Weapons
 b - a +3 short sword (weapon)
Armour
 h - a +0 robe (worn)
 m - a +1 hat of stealth (worn)
Magical Staves
 a - a staff of air
Jewellery
 e - the ring of Surprise (left hand) {Wiz rN+ Str+2}
   (You acquired it on level 2 of the Dungeon)

   [ring of wizardry]

   It improves your spell success rate.
   Str:       It affects your strength (+2).
   rN:        It protects you from negative energy.
 p - a ring of magical power (right hand)
 u - a +6 ring of dexterity
Wands
 q - a wand of flame (13)
Scrolls
 g - 2 scrolls of teleportation {unknown}
 j - 2 scrolls of magic mapping {unknown}
 l - 2 scrolls of vulnerability {unknown}
 o - 4 scrolls of identify {unknown}
 s - a scroll of blinking {unknown}
 v - a scroll of noise {unknown}
 w - a scroll of amnesia {unknown}
Potions
 c - 2 potions of might {unknown}
 d - 4 potions of curing {unknown}
 f - a potion of haste {unknown}
 i - 3 potions of brilliance {unknown}
 k - a potion of resistance {unknown}
 n - 3 potions of flight {unknown}
 r - a potion of magic
 t - 2 potions of lignification {unknown}


   Skills:
 - Level 2.4 Dodging
 - Level 2.4 Stealth
 + Level 4.8 Spellcasting
 - Level 1.1 Conjurations
 + Level 4.5 Fire Magic
 + Level 4.5 Ice Magic


You had one spell level left.
You knew the following spells:

 Your Spells              Type           Power      Damage    Failure   Level
a - Foxfire               Conj/Fire      68%        2x1d7     1%          1
b - Frozen Ramparts       Ice            50%        1d8       1%          3
c - Conjure Flame         Conj/Fire      17%        6-21      4%          3
v - Poisonous Vapours     Pois/Air       10%        N/A       6%          2
x - Olgreb's Toxic Radia  Pois           5%         N/A       38%         4

Your spell library contained the following spells:

 Spells                   Type           Power      Damage    Failure   Level
 Freeze                   Ice            100%       1d11      1%          1
 Sting                    Tmut/Pois      20%        1d4       4%          1
 Scorch                   Fire           50%        2d7       1%          2
 Inner Flame              Hex/Fire       15%        N/A       4%          3
 Flame Wave               Conj/Fire      17%        2d7       13%         4
 Hailstorm                Conj/Ice       17%        3d6       13%         4


Dungeon Overview and Level Annotations

Branches:
Dungeon (4/15) Zot: 20008
 Temple: D:4-7

Altars:
Ru
Wu Jian

Shops:
D:2 :

Annotations:
D:3 1 runed translucent door, 1 exclusion
D:4 1 exclusion, Ijyb


Message History

Key pressed, stopping explore.
w - a scroll labelled UNUNKE TOPS Ijyb the Twisted Goblin comes into view.
She is wielding a +0 whip and carrying a wand of mindburst (10).
Casting: Foxfire (safe; 1% risk of failure)
Confirm with . or Enter, or press ? or * to list all spells.
You conjure some foxfire!
Ijyb shouts!
Ijyb zaps a wand.
Your mind is blasted!
Ouch! That really hurt!
You take 19 damage, and have 13/32 hp.
MASSIVE DAMAGE!!
You now have 23/24 mp.
Casting: Foxfire (safe; 1% risk of failure)
Confirm with . or Enter, or press ? or * to list all spells.
You conjure some foxfire!
Ijyb screams, "Die!"
The foxfire hits Ijyb but does no damage.
You now have 22/24 mp.
Casting: Foxfire (safe; 1% risk of failure)
Confirm with . or Enter, or press ? or * to list all spells.
You conjure some foxfire!
The foxfire hits Ijyb but does no damage.
The foxfire hits Ijyb.
Ijyb is moderately wounded.
You now have 21/24 mp.
Casting: Foxfire (safe; 1% risk of failure)
Confirm with . or Enter, or press ? or * to list all spells.
You conjure some foxfire!
The foxfire hits Ijyb but does no damage.
Ijyb is moderately wounded.
The foxfire hits Ijyb but does no damage.
Ijyb is moderately wounded.
The foxfire hits Ijyb.
Ijyb is moderately wounded.
You now have 20/24 mp.
Casting: Foxfire (safe; 1% risk of failure)
Confirm with . or Enter, or press ? or * to list all spells.
You conjure some foxfire!
The foxfire hits Ijyb.
Ijyb is moderately wounded.
Ijyb zaps a wand.
Your mind is blasted!
Ouch! That really hurt!
You die...

...................#.#......#..##
...................#.#......#.##
#####..............#.#.#.###..#
#..............#.#.#.###.##
#..............#.#.#.#...#
#..............#.#.#...###
#.............##.#.#..##
#..........§§§##.#.#).#
#..........§v@§##.#.#..#
#..........vv§.##.#.#..#
...........§.....#.#..#
..........§..##...#..#
.........g..##.#...##
...........##)#...#
.........##.#>#.# ####
.........##.###.#####...
#.#..........[


You could see Ijyb (ally target).

Vanquished Creatures
  A howler monkey (D:4)
  A hound (D:4)
  2 orc priests
  2 orc wizards (D:3)
  2 adders
  A worm (D:4)
  4 dart slugs
  10 orcs
  7 ball pythons
  An endoplasm (D:4)
  A giant cockroach (D:4)
  7 goblins
  3 hobgoblins
  A quokka (D:4)
  5 bats
  A frilled lizard (D:3)
  5 kobolds
  2 rats
56 creatures vanquished.

Vanquished Creatures (others)
  184 foxfires
  2 fungi (D:3)
186 creatures vanquished.

Grand Total: 242 creatures vanquished

Notes
Turn   | Place    | Note
-------+----------+-------------------------------------------
     0 | D:1      | Psyclone the Deep Elf Fire Elementalist began the quest for
                  | the Orb.
     0 | D:1      | Reached XP level 1. HP: 10/10 MP: 6/6
   107 | D:2      | Identified a scroll of acquirement
   107 | D:2      | Acquired the ring of Surprise {Wiz rN+ Str+2}
   377 | D:1      | Reached skill level 1 in Ice Magic
   709 | D:2      | Found Weil's Book Boutique.
   769 | D:2      | Found a faded altar of an unknown god.
   822 | D:2      | Reached XP level 2. HP: 9/15 MP: 4/8
  1827 | D:3      | Reached XP level 3. HP: 19/19 MP: 9/9
  1831 | D:3      | Learned a level 3 spell: Frozen Ramparts
  1835 | D:3      | Learned a level 3 spell: Conjure Flame
  2000 | D:3      | Found an ornate altar of the Wu Jian Council.
  2091 | D:3      | Reached XP level 4. HP: 24/24 MP: 11/11
  2786 | D:3      | Found a runed translucent door.
  2901 | D:4      | Reached XP level 5. HP: 28/28 MP: 13/13
  3387 | D:4      | Found a sacrificial altar of Ru.
  3618 | D:2      | Bought a Young Poisoner's Handbook for 200 gold pieces
  3621 | D:2      | Learned a level 2 spell: Poisonous Vapours
  3626 | D:2      | Learned a level 4 spell: Olgreb's Toxic Radiance
  3801 | D:4      | Reached XP level 6. HP: 17/32 MP: 15/15
  3984 | D:4      | Noticed Ijyb
  3989 | D:4      | Blown up by Ijyb

Illustrated notes

Levels and vault maps discovered:
D:1:      dpeg_arrival_lava_temple_mockup, layout_basic
D:2:      layout_loops_ring, shapermc_ecumenical_altar_starsandcircs,
          serial_shops, nicolae_shop_window_shopping
D:3:      layout_loops_ring, pdpol_wu_jian_five_deadly_venoms, corexii_shack,
          uniq_crazy_yiuf_cottage
D:4:      layout_basic, regret_index_temple_of_mockery, hangedman_ru_absence,
          lemuel_tele_altar, uniq_ijyb

Skill      XL: |  1  2  3  4 |
---------------+-------------+-----
Ice Magic      | 1 3 4 |  4.5
Spellcasting   | 4 |  4.8
Fire Magic     | 4 |  4.5
Dodging        | |  2.4
Stealth        | |  2.4
Conjurations   | |  1.1

Action                   |  1- 3 |  4- 6 || total
-------------------------+-------+-------++-------
Melee: Dagger            |     1 |       ||     1
       Short sword       |     2 |    11 ||    13
 Cast: Foxfire           |    58 |    58 ||   116
       Frozen Ramparts   |     1 |    18 ||    19
  Use: Scroll            |     1 |       ||     1
 Stab: Sleeping          |       |     1 ||     1
Armor: Robe              |     5 |     3 ||     8
Dodge: Dodged            |     9 |     1 ||    10
